 Dungeon Crawl Stone Soup version 0.21.1-1-g345015f (webtiles) character file.

71 letownia2 the Digger (level 4, -1/24 HPs)
             Began as a Gargoyle Earth Elementalist on Feb 14, 2018.
             Was an Initiate of Vehumet.
             Slain by an orc
             ... wielding a +0 short sword
              (5 damage)
             ... on level 4 of the Dungeon.
             The game lasted 00:05:33 (870 turns).

letownia2 the Digger (Gargoyle Earth Elementalist)   Turns: 870, Time: 00:05:34

Health: -1/24      AC:  5    Str: 11    XL:     4   Next: 24%
Magic:  4/7        EV: 12    Int: 17    God:    Vehumet [......]
Gold:   128        SH:  0    Dex: 10    Spells: 3/7 levels left

rFire    . . .     SeeInvis .   h - +0 dagger
rCold    . . .     Gourm    .   (no shield)
rNeg     + . .     Faith    .   c - +0 robe
rPois    ∞         Spirit   .   (no helmet)
rElec    +         Reflect  .   (no cloak)
rCorr    .         Harm     .   (no gloves)
MR       .....     Rnd*Tele +   (no boots)
Stlth    ++........             (no amulet)
HPRegen  0.08/turn              p - ring of teleportation (curse)
MPRegen  0.10/turn              (no ring)

@: no status effects
A: negative energy resistance 1, electricity resistance, unbreathing,
petrification resistance, rot immunity, AC +3
a: Renounce Religion


You were on level 4 of the Dungeon.
You worshipped Vehumet.
Vehumet was noncommittal.
You were hungry.

You visited 1 branch of the dungeon, and saw 4 of its levels.

You collected 128 gold pieces.

Inventory:

Hand Weapons
 h - a +0 dagger (weapon)
 n - a +0 hunting sling
Missiles
 b - 84 stones (quivered)
 o - 8 tomahawks
Armour
 c - a +0 robe (worn)
 g - a cursed +0 plate armour
Jewellery
 p - a cursed ring of teleportation (left hand)
Scrolls
 a - 2 scrolls of identify {unknown}
 f - a scroll of noise {unknown}
 i - a scroll of amnesia {unknown}
 j - a scroll of fog {unknown}
 k - a scroll of enchant weapon {unknown}
 m - a scroll of teleportation {unknown}
Potions
 l - a potion of lignification {unknown}
 q - a potion of curing {unknown}
Books
 e - a book of Geomancy

   Spells                             Type                      Level
   a - Sandblast                      Earth                        1
   b - Passwall                       Transmutation/Earth          2
   c - Stone Arrow                    Conjuration/Earth            3
   d - Petrify                        Transmutation/Earth          4
   e - Lee's Rapid Deconstruction     Earth                        5
Comestibles
 d - 6 rations


   Skills:
 - Level 1.5 Dodging
 - Level 2.1 Stealth
 + Level 2.4 Spellcasting
 + Level 1.3 Conjurations
   Level 0.7 Transmutations
 + Level 5.3 Earth Magic


You had 3 spell levels left.
You knew the following spells:

 Your Spells              Type           Power        Failure   Level  Hunger
a - Sandblast             Erth           ###...       1%          1    #......
d - Stone Arrow           Conj/Erth      ##....       14%         3    ###....


Dungeon Overview and Level Annotations

Branches:
Dungeon (4/15)
 Temple: D:4-7

Altars:
Makhleb
Nemelex Xobeh
Okawaru
Vehumet
The Shining One


Innate Abilities, Weirdness & Mutations

You are resistant to torment.
Your stone body is resilient. (AC +3)
You are immune to poison.
You resist negative energy. (rN+)
You are resistant to electric shocks. (rElec)
You can survive without breathing.
You are immune to petrification.
You are immune to rotting.


Message History

You closely miss the orc.
You are feeling hungry.
The orc hits you but does no damage.
You closely miss the orc. The orc hits you with a short sword.
You hit the orc but do no damage. The orc hits you with a short sword.
* * * LOW HITPOINT WARNING * * *
You hit the orc but do no damage. The orc closely misses you.
You barely miss the orc. The orc misses you.
Unknown command.
You closely miss the orc. The orc closely misses you.
Unknown command.
Put on which piece of jewellery? (? for menu, Esc to quit)
Okay, then.
Put on which piece of jewellery? (? for menu, Esc to quit)
You feel slightly jumpy.
Oops, that ring feels deathly cold.
p - a cursed ring of teleportation (left hand)
You hit the orc.
The orc is moderately wounded.
The orc hits you with a short sword.
You die...

#..........#
#.........## #.........#
#.........#
#########..[.....##
...#...#........##
#.##.#.###.......###
#.##.............#..
###{o@.....#.......#.#
..'.o####....#.......#.#
..##.# #....#.......#.#
#.o...hS#
#....#######....
#.......# #....# #....
#.o.....# ###### ###8.
#.......# #8.. #..o....#
###. #.......# #_..


You could see 2 orcs.

Vanquished Creatures
  A gnoll (D:1)
  2 adders (D:4)
  A worm (D:3)
  2 leopard geckos
  2 bats
  A giant cockroach (D:3)
  4 goblins
  3 hobgoblins
  6 jackals
  A quokka (D:3)
  2 frilled lizards (D:1)
  A jackal skeleton (D:4)
  6 kobolds
  5 rats
37 creatures vanquished.

Notes
Turn   | Place    | Note
-------+----------+-------------------------------------------
     0 | D:1      | letownia2 the Gargoyle Earth Elementalist began the quest for the Orb.
     0 | D:1      | Reached XP level 1. HP: 10/10 MP: 3/3
   180 | D:1      | Reached skill level 4 in Earth Magic
   220 | D:1      | Reached XP level 2. HP: 5/15 MP: 3/5
   339 | D:1      | Reached skill level 5 in Earth Magic
   339 | D:1      | Reached XP level 3. HP: 10/19 MP: 6/6
   344 | D:1      | Learned a level 3 spell: Stone Arrow
   612 | D:3      | Found a sparkling altar of Nemelex Xobeh.
   713 | D:4      | Reached skill level 1 in Conjurations
   743 | D:4      | Found a radiant altar of Vehumet.
   745 | D:4      | Found a burning altar of Makhleb.
   748 | D:4      | Found an iron altar of Okawaru.
   750 | D:4      | Found a glowing golden altar of the Shining One.
   760 | D:4      | Became a worshipper of Vehumet
   788 | D:4      | Reached XP level 4. HP: 20/24 MP: 5/7
   870 | D:4      | Slain by an orc

Skill      XL: |  1  2  3 |
---------------+----------+-----
Earth Magic    | 4 5 |  5.3
Conjurations   | 1 |  1.3
Dodging        | |  1.5
Stealth        | |  2.1
Spellcasting   | |  2.4
Transmutations | |  0.7

Action                   |  1- 3 |  4- 6 || total
-------------------------+-------+-------++-------
Melee: Unarmed           |    47 |       ||    47
       Dagger            |    78 |    36 ||   114
 Cast: Sandblast         |    15 |     7 ||    22
 Stab: Sleeping          |     2 |       ||     2
Armor: Robe              |    29 |     6 ||    35
Dodge: Dodged            |    75 |    34 ||   109
